 Dungeon Crawl Stone Soup version 0.19-a0-975-gfff5315 (webtiles) character file.

67 HAL9000 the Ruffian (level 3, -2/28 HPs)
             Began as a Draconian Transmuter on July 13, 2016.
             Slain by Natasha (8 damage)
             ... on level 2 of the Dungeon.
             The game lasted 00:03:55 (2055 turns).

HAL9000 the Ruffian (Draconian Transmuter)          Turns: 2055, Time: 00:03:56

Health: -2/28      AC:  5    Str: 12    XL:     3   Next: 98%
Magic:  1/6        EV: 12    Int: 14    God:
Gold:   79         SH:  0    Dex: 17    Spells: 3 memorised, 0 levels left

rFire  . . .     SeeInvis .       - Unarmed
rCold  . . .     Gourm    .     (armour unavailable)
rNeg   . . .     Faith    .     (no shield)
rPois  .         Spirit   .     (helmet restricted)
rElec  .         Dismiss  .     (no cloak)
rCorr  .         Reflect  .     (no gloves)
SustAt .         Harm     .     (boots currently unavailable)
MR     +....                    (no amulet)
Stlth  ++........               i - ring of protection from magic
                                f - +6 ring of dexterity

@: appendage, very slightly contaminated, somewhat resistant to hostile
enchantments, unstealthy
A: unfitting armour, talons 3, cold-blooded, AC +5
a: End Transformation


You were on level 2 of the Dungeon.
You were hungry.
You had grown temporary talons.
You visited 1 branch of the dungeon, and saw 2 of its levels.

You collected 79 gold pieces.

Inventory:

Missiles
 a - 43 arrows
Jewellery
 f - a +6 ring of dexterity (left hand)
 i - a ring of protection from magic (right hand)
 j - an uncursed ring of ice {unknown}
Scrolls
 l - a scroll of enchant weapon {unknown}
 m - a scroll of fog {unknown}
 n - 2 scrolls of teleportation {unknown}
Potions
 d - 4 potions of curing {unknown}
 e - a potion of beneficial mutation {unknown}
 h - a potion of degeneration {unknown}
 k - a potion of flight {unknown}
Books
 b - a book of Changes

   Spells                             Type                      Level
   a - Beastly Appendage              Transmutation                1
   b - Sticks to Snakes               Transmutation                2
   c - Spider Form                    Transmutation/Poison         3
   d - Ice Form                       Ice/Transmutation            4
   e - Blade Hands                    Transmutation                5
Comestibles
 c - a bread ration


   Skills:
 - Level 1.1 Fighting
 - Level 1.7 Dodging
 + Level 4.1 Unarmed Combat
 - Level 2.0 Spellcasting
 + Level 3.2 Transmutations


You couldn't memorise any spells.
You knew the following spells:

 Your Spells              Type           Power        Failure   Level  Hunger
a - Beastly Appendage     Tmut           ##....       10%         1    ##.....
b - Sticks to Snakes      Tmut           ##......     12%         2    ###....
c - Spider Form           Tmut/Pois      #.........   38%         3    ####...


Dungeon Overview and Level Annotations

Branches:
Dungeon (2/15)

Altars:

Annotations:
D:2 Natasha


Innate Abilities, Weirdness & Mutations

Your plain brown scales are hard. (AC +5)
Your body does not fit into most forms of armour.
You are cold-blooded and may be slowed by cold attacks.
You have claws for feet.


Message History

You closely miss Natasha.
Natasha is heavily wounded.
Natasha claws you.
* * * LOW HITPOINT WARNING * * *
You are too injured to fight recklessly!
Unknown command.
Casting: Beastly Appendage
Confirm with . or Enter, or press ? or * to list all spells.
You create a snake!
You now have 44 arrows.
You are feeling hungry.
Natasha claws you.
* * * LOW HITPOINT WARNING * * *
Casting: Sticks to Snakes
Confirm with . or Enter, or press ? or * to list all spells.
You create a snake!
You now have 43 arrows.
Natasha barely misses you.
Unknown command.
Casting: Sticks to Snakes
Confirm with . or Enter, or press ? or * to list all spells.
Your feet morph into talons.
Natasha claws you!
You die...

#. . ####.
... ...
##.######.
#
#..?......
#. ####h#
..##.S@.#
#.....#.S#
#.###....#
#. #.#.#.#
#.#.#....#
..###..##
##.#...#
#.#..#.#
#.#..#.#
### ..


You could see Natasha and 2 friendly ball pythons.

Vanquished Creatures
  An adder (D:2)
  3 dart slugs (D:1)
  3 giant geckos (D:1)
  7 goblins
  6 hobgoblins (D:1)
  6 jackals (D:1)
  2 quokkas (D:2)
  5 bats
  2 giant newts
  6 kobolds
  5 rats
46 creatures vanquished.

Notes
Turn   | Place    | Note
-------+----------+-------------------------------------------
     0 | D:1      | HAL9000 the Draconian Transmuter began the quest for the Orb.
     0 | D:1      | Reached XP level 1. HP: 16/16 MP: 3/3
   602 | D:1      | Reached XP level 2. HP: 14/23 MP: 3/5
   800 | D:1      | Learned a level 2 spell: Sticks to Snakes
  1109 | D:1      | Reached XP level 3. HP: 20/28 MP: 6/6
  1339 | D:1      | Reached skill level 4 in Unarmed Combat
  1953 | D:2      | Learned a level 3 spell: Spider Form
  2013 | D:2      | Found a faded altar of an unknown god.
  2041 | D:2      | Noticed Natasha
  2055 | D:2      | Slain by Natasha

Vault maps used:
D:1:      mushboom_english_gardens
D:2:      nicolae_overflow_crystal_walls, ecumenical_altar_2,
          minmay_pentomino_q4, uniq_natasha

Skill      XL: |  1  2  3 |
---------------+----------+-----
Unarmed Combat | 4 |  4.1
Transmutations | 3 |  3.2
Fighting       | |  1.1
Dodging        | |  1.7
Spellcasting   | |  2.0

Action                   || total
-------------------------++-------
Melee: Unarmed           ||   140
       Headbutt          ||    11
       Tailslap          ||    14
       Kick              ||    13
       Punch             ||     2
 Cast: Beastly Appendage ||    24
       Sticks to Snakes  ||     5
 Stab: Sleeping          ||     2
  Eat: Chunk             ||     4
Armor: Skin              ||    55
Dodge: Dodged            ||    87
